[Event "Summer Prague Open-A 2024"]
[Site "Prague"]
[Date "2024.08.03"]
[Round "2.1"]
[White "Kudaibergen, Nurlykhan"]
[Black "Neuman, Petr"]
[Result "0-1"]
[Annotator "ChessBase"]
[ECO "B06"]
[WhiteElo "2041"]
[BlackElo "2426"]
[PlyCount "98"]
[EventDate "2024.08.02"]
[EventType "swiss"]
[EventCountry "CZE"]
[SourceTitle "playchess.com"]
[Source "ChessBase"]
[SourceQuality "1"]
[TimeControl "40/5400+30:1800+30"]

1. e4 g6 2. d4 Bg7 3. Nc3 d6 4. f4 a6 5. a4 Nf6 6. Nf3 c5 7. dxc5 Qa5 8. Bd3 Qxc5 9. Qe2 Nc6 10. Be3 Qh5 11. O-O Ng4 12. h3 Nxe3 13. Qxe3 O-O 14. Qb6 Bxc3 15. bxc3 Qa5 16. Qb2 Bd7 17. Kh2 Rfc8 18. Ng5 Nd8 19. Qb4 Qc5 20. Ra3 f6 21. Nf3 Kg7 22. Nd2 Be6 23. a5 Rc7 24. Rf3 Rac8 25. Nf1 g5 26. e5 dxe5 27. fxg5 Qxb4 28. gxf6+ exf6 29. cxb4 Nc6 30. c3 Ne7 31. Ng3 Nd5 32. Nh5+ Kf7 33. Be4 Ke7 34. Ng7 Rc4 35. Nxe6 Rxe4 36. Nc5 Re2 37. Rg3 f5 38. Ra1 f4 39. Rg5 Kf6 40. h4 h6 41. Nd7+ Ke6 42. Rg7 Rxc3 43. Rd1 Ne3 44. Rg6+ Kf5 45. Rdd6 Ng4+ 46. Rxg4 Kxg4 47. Rg6+ Kf5 48. Rf6+ Ke4 49. Nc5+ Kd5 0-1

[Event "Summer Prague Open-A 2024"]
[Site "Prague"]
[Date "2024.08.03"]
[Round "2.2"]
[White "Nothnagel, Marian Can"]
[Black "Rousek, Jan"]
[Result "1-0"]
[Annotator "ChessBase"]
[ECO "B40"]
[WhiteElo "2410"]
[BlackElo "2034"]
[PlyCount "57"]
[EventDate "2024.08.02"]
[EventType "swiss"]
[EventCountry "CZE"]
[SourceTitle "playchess.com"]
[Source "ChessBase"]
[SourceQuality "1"]
[TimeControl "40/5400+30:1800+30"]

1. e4 c5 2. Nf3 e6 3. d3 Nc6 4. Nbd2 g6 5. g3 Bg7 6. Bg2 Nge7 7. O-O O-O 8. Re1 d5 9. c3 d4 10. cxd4 cxd4 11. e5 Qc7 12. Nc4 b5 13. Nd6 Rb8 14. Bf4 Nd5 15. Rc1 Qb6 16. Ng5 h6 17. Ngxf7 Rxf7 18. Nxf7 Kxf7 19. Bxd5 exd5 20. e6+ Bxe6 21. Rxc6 Qxc6 22. Bxb8 Qc8 23. Qf3+ Kg8 24. Be5 Bxe5 25. Rxe5 Qc1+ 26. Kg2 Qc8 27. h4 Kg7 28. Qf4 Bh3+ 29. Kh2 1-0

[Event "Summer Prague Open-A 2024"]
[Site "Prague"]
[Date "2024.08.03"]
[Round "2.3"]
[White "Berkes, Alexander"]
[Black "Garcia Roman, Daniel"]
[Result "0-1"]
[Annotator "RC"]
[ECO "C01"]
[WhiteElo "2037"]
[BlackElo "2397"]
[PlyCount "90"]
[EventDate "2024.08.02"]
[EventType "swiss"]
[EventCountry "CZE"]
[SourceTitle "playchess.com"]
[Source "ChessBase"]
[SourceQuality "1"]
[TimeControl "40/5400+30:1800+30"]

1. e4 e6 2. d4 d5 3. exd5 exd5 4. Nf3 Bd6 5. c4 dxc4 6. Bxc4 Nf6 7. O-O O-O 8. Bg5 Nc6 9. Nc3 h6 10. Bh4 Bg4 11. d5 Ne5 12. Be2 Ng6 13. Bg3 a6 14. Qd4 Re8 15. Rfe1 Bxg3 16. hxg3 Qd6 17. Bd3 Bxf3 18. gxf3 c5 19. Qa4 b5 20. Qc2 Rxe1+ 21. Rxe1 Ne5 22. Be4 Re8 23. Rd1 c4 24. f4 Ned7 25. Bg2 Nc5 26. Qd2 Nd3 27. Bf1 b4 28. Na4 Ne4 29. Qe3 Ndxf2 30. Rd4 f5 31. Bxc4 Ng4 32. Qf3 Nef2 33. Qxf2 Nxf2 34. Kxf2 Kf8 35. b3 Qe7 36. Rd1 Qe3+ 37. Kg2 Qe4+ 38. Kh3 Qf3 39. Rf1 Qg4+ 40. Kh2 Re3 41. Rg1 Qh5+ 42. Kg2 Qf3+ 43. Kh2 Ke7 44. Bxa6 g5 45. fxg5 f4 0-1

[Event "Summer Prague Open-A 2024"]
[Site "Prague"]
[Date "2024.08.03"]
[Round "2.4"]
[White "Prokofiev, Valentyn"]
[Black "Kalous, Miroslav"]
[Result "1-0"]
[Annotator "RC"]
[ECO "E17"]
[WhiteElo "2381"]
[BlackElo "2030"]
[PlyCount "99"]
[EventDate "2024.08.02"]
[EventType "swiss"]
[EventCountry "CZE"]
[SourceTitle "playchess.com"]
[Source "ChessBase"]
[SourceQuality "1"]
[TimeControl "40/5400+30:1800+30"]

1. d4 Nf6 2. c4 e6 3. Nf3 b6 4. g3 Bb7 5. Bg2 Be7 6. O-O O-O 7. d5 exd5 8. Nh4 c6 9. cxd5 cxd5 10. Nc3 Bc6 11. Nf5 Bc5 12. Bg5 d4 13. Nxd4 Bxg2 14. Kxg2 Nc6 15. Nf3 Be7 16. Qd3 h6 17. Bf4 Nh5 18. Be3 Nf6 19. Rfd1 Re8 20. Rac1 Bf8 21. Nd5 Nxd5 22. Qxd5 Nb4 23. Qxd7 Qxd7 24. Rxd7 Red8 25. Rxd8 Rxd8 26. a3 Nd5 27. Bd4 Re8 28. e3 Bd6 29. Nd2 Bb8 30. Kf3 f6 31. h4 h5 32. Ne4 Kf7 33. Nc3 Nc7 34. Na2 Ne6 35. Nb4 Bd6 36. Nc6 Ra8 37. Rd1 Bc7 38. Bc3 Ke8 39. Rd5 a6 40. Rxh5 Kd7 41. Nd4 Nxd4+ 42. Bxd4 Ke6 43. g4 Rf8 44. Ke4 Bd8 45. f4 Re8 46. Rd5 Kf7+ 47. Kf3 Ke7 48. e4 Rh8 49. h5 Rg8 50. e5 1-0

[Event "Summer Prague Open-A 2024"]
[Site "Prague"]
[Date "2024.08.03"]
[Round "2.5"]
[White "Yildirim, Kemal"]
[Black "Pulpan, Jakub"]
[Result "0-1"]
[Annotator "RC"]
[ECO "B51"]
[WhiteElo "2029"]
[BlackElo "2378"]
[PlyCount "90"]
[EventDate "2024.08.02"]
[EventType "swiss"]
[EventCountry "CZE"]
[SourceTitle "playchess.com"]
[Source "ChessBase"]
[SourceQuality "1"]
[TimeControl "40/5400+30:1800+30"]

1. e4 c5 2. Nf3 d6 3. Bb5+ Nd7 4. O-O Ngf6 5. Re1 a6 6. Bf1 e5 7. c3 Be7 8. d4 O-O 9. a4 b6 10. Nbd2 Bb7 11. dxe5 dxe5 12. Qc2 Qc7 13. Nc4 b5 14. axb5 axb5 15. Rxa8 Rxa8 16. Na3 c4 17. Nxb5 Qc6 18. Na3 Bxa3 19. bxa3 Nxe4 20. Qe2 Rc8 21. Ng5 Nxg5 22. Bxg5 f6 23. Be3 f5 24. Rd1 Nf6 25. f3 Nd5 26. Qd2 Qa4 27. Rb1 Ba8 28. Bf2 Qxa3 29. Rb5 Qd6 30. Ra5 Bb7 31. Ra4 Rd8 32. Bxc4 Qc6 33. Bb3 Rd7 34. Ra7 Qc8 35. Ra5 Qd8 36. Qa2 Kh8 37. Bxd5 Bxd5 38. Qa3 e4 39. fxe4 Bxe4 40. h3 Rd1+ 41. Kh2 Qb8+ 42. Bg3 f4 43. Bf2 Bxg2 44. Rb5 Qc8 45. c4 Bc6 0-1

[Event "Summer Prague Open-A 2024"]
[Site "Prague"]
[Date "2024.08.03"]
[Round "2.6"]
[White "Anwesh, Upadhyaya"]
[Black "Swati, Mohota"]
[Result "1/2-1/2"]
[Annotator "RC"]
[ECO "A06"]
[WhiteElo "2373"]
[BlackElo "2026"]
[PlyCount "129"]
[EventDate "2024.08.02"]
[EventType "swiss"]
[EventCountry "CZE"]
[SourceTitle "playchess.com"]
[Source "ChessBase"]
[SourceQuality "1"]
[TimeControl "40/5400+30:1800+30"]

1. Nf3 d5 2. c4 e6 3. d4 Be7 4. Nc3 Nf6 5. cxd5 exd5 6. Bg5 h6 7. Bh4 O-O 8. e3 c6 9. Qc2 Ne4 10. Bxe7 Qxe7 11. Bd3 Nxc3 12. bxc3 Nd7 13. O-O b6 14. a4 c5 15. Rfb1 Rb8 16. a5 c4 17. Bh7+ Kh8 18. axb6 axb6 19. Bf5 Qd6 20. Rb5 g6 21. Bh3 Nf6 22. Bxc8 Rfxc8 23. Ne5 Rc7 24. f3 Kg7 25. e4 Rbb7 26. Rab1 Rb8 27. Qe2 Qe6 28. Re1 Qe8 29. Qb2 Qe6 30. Re2 Qd6 31. Qd2 Rbb7 32. Qf4 Nh5 33. Qe3 dxe4 34. fxe4 f6 35. Nf3 Nf4 36. Reb2 Nd3 37. Rb1 Qa3 38. Qd2 Re7 39. e5 fxe5 40. Nxe5 Nxe5 41. dxe5 Rbd7 42. Qe3 Rd3 43. Qxb6 Rxc3 44. Qf6+ Kh7 45. h4 Rb3 46. R1xb3 cxb3 47. Kh2 Qa7 48. Rb6 Rg7 49. h5 gxh5 50. Qxh6+ Kg8 51. Qe3 b2 52. Qb3+ Qf7 53. Rb8+ Kh7 54. Qe3 Rxg2+ 55. Kxg2 Qg6+ 56. Kh3 b1=Q 57. Rxb1 Qxb1 58. e6 Qf5+ 59. Kh2 Qc2+ 60. Kg3 Qg6+ 61. Kh3 Qf5+ 62. Kg3 Qg6+ 63. Kh3 Qf5+ 64. Kh2 Qc2+ 65. Kg3 1/2-1/2

[Event "Summer Prague Open-A 2024"]
[Site "Prague"]
[Date "2024.08.03"]
[Round "2.7"]
[White "Ringuet, Cyril"]
[Black "Konopka, Michal"]
[Result "0-1"]
[Annotator "RC"]
[ECO "B03"]
[WhiteElo "2015"]
[BlackElo "2325"]
[PlyCount "96"]
[EventDate "2024.08.02"]
[EventType "swiss"]
[EventCountry "CZE"]
[SourceTitle "playchess.com"]
[Source "ChessBase"]
[SourceQuality "1"]
[TimeControl "40/5400+30:1800+30"]

1. e4 Nf6 2. e5 Nd5 3. d4 d6 4. c4 Nb6 5. exd6 cxd6 6. Nf3 g6 7. h3 Bg7 8. Be2 O-O 9. Nc3 Nc6 10. O-O Bf5 11. d5 Na5 12. Nd4 Naxc4 13. a4 Rc8 14. a5 Na8 15. a6 bxa6 16. Nc6 Rxc6 17. dxc6 Ne5 18. Rxa6 Nc7 19. Rxa7 Nxc6 20. Ra4 d5 21. g4 Be6 22. Nb5 Nxb5 23. Bxb5 Qb6 24. Bxc6 Qxc6 25. Bg5 Re8 26. Rb4 d4 27. Rxd4 Bxd4 28. Qxd4 f6 29. Rc1 Qf3 30. Rc3 Qa8 31. Ra3 Qc8 32. Rc3 Qb8 33. Bc1 Rd8 34. Qe3 Rd1+ 35. Kg2 Bd5+ 36. f3 Qb7 37. Rd3 Bxf3+ 38. Qxf3 Qxf3+ 39. Rxf3 Rxc1 40. Rb3 Kf7 41. Kf3 h5 42. Rb4 h4 43. Rb3 Rc2 44. Ke3 Rg2 45. Kd3 Rg3+ 46. Kc4 Rxb3 47. Kxb3 f5 48. gxf5 g5 0-1

[Event "Summer Prague Open-A 2024"]
[Site "Prague"]
[Date "2024.08.03"]
[Round "2.8"]
[White "Kulhanek, Tomas"]
[Black "Stefanisin, Jan"]
[Result "1-0"]
[Annotator "RC"]
[ECO "A05"]
[WhiteElo "2317"]
[BlackElo "1996"]
[PlyCount "91"]
[EventDate "2024.08.02"]
[EventType "swiss"]
[EventCountry "CZE"]
[SourceTitle "playchess.com"]
[Source "ChessBase"]
[SourceQuality "1"]
[TimeControl "40/5400+30:1800+30"]

1. Nf3 Nf6 2. g3 d5 3. Bg2 c5 4. O-O Nc6 5. d4 e6 6. c4 dxc4 7. Qa4 Bd7 8. Qxc4 cxd4 9. Nxd4 Rc8 10. Nxc6 Bxc6 11. Bxc6+ Rxc6 12. Qa4 Bc5 13. Nc3 O-O 14. Bg5 h6 15. Rad1 Qb6 16. Bxf6 gxf6 17. Rd3 f5 18. e4 Qxb2 19. exf5 exf5 20. Qf4 Qb4 21. Qf3 Qg4 22. Rb1 Bb6 23. Kg2 Qxf3+ 24. Rxf3 f4 25. Nd5 Rc2 26. Rxf4 Bd8 27. a4 b6 28. h4 Re8 29. Rd1 Rb2 30. Nc3 Kg7 31. Rd7 Bf6 32. Nd5 Re6 33. Rg4+ Kf8 34. Rf4 Be7 35. Rxa7 Rd2 36. Rf5 Ra2 37. Rf4 Rd2 38. Ra8+ Kg7 39. Rg4+ Kh7 40. Rag8 Bg5 41. Nf4 f5 42. Nxe6 Kxg8 43. Rd4 Re2 44. Nxg5 hxg5 45. hxg5 Kf7 46. Rd6 1-0

[Event "Summer Prague Open-A 2024"]
[Site "Prague"]
[Date "2024.08.03"]
[Round "2.9"]
[White "Kaderabek, Jiri"]
[Black "Eret, Matous"]
[Result "0-1"]
[Annotator "ChessBase"]
[ECO "B40"]
[WhiteElo "2000"]
[BlackElo "2316"]
[PlyCount "86"]
[EventDate "2024.08.02"]
[EventType "swiss"]
[EventCountry "CZE"]
[SourceTitle "playchess.com"]
[Source "ChessBase"]
[SourceQuality "1"]
[TimeControl "40/5400+30:1800+30"]

1. e4 c5 2. Nf3 e6 3. b3 a6 4. Bb2 Qc7 5. g3 Nc6 6. Bg2 Nf6 7. Qe2 Be7 8. O-O O-O 9. e5 Ng4 10. h3 Nh6 11. Na3 b5 12. c4 b4 13. Nc2 Bb7 14. d4 cxd4 15. Ncxd4 f6 16. Nxc6 Bxc6 17. Rad1 Qb7 18. Nh4 fxe5 19. Bxc6 Qxc6 20. Ng2 d6 21. f4 e4 22. Kh2 Rad8 23. Rc1 Qb7 24. c5 d5 25. Be5 Rc8 26. Rc2 Bxc5 27. Rfc1 Bb6 28. Qh5 Rxc2 29. Rxc2 Nf5 30. Nh4 d4 31. Nxf5 exf5 32. g4 fxg4 33. Rg2 Qf7 34. Rxg4 g6 35. Qh6 Bc7 36. Qg5 Bd8 37. Qh6 Bf6 38. Bd6 Rd8 39. f5 Rxd6 40. Qf4 Rd8 41. fxg6 hxg6 42. Qxe4 Kg7 43. h4 Re8 0-1

[Event "Summer Prague Open-A 2024"]
[Site "Prague"]
[Date "2024.08.03"]
[Round "2.10"]
[White "Mirimanian, Hayk"]
[Black "Holliman, Bob"]
[Result "1-0"]
[Annotator "ChessBase"]
[ECO "C10"]
[WhiteElo "2290"]
[BlackElo "1990"]
[PlyCount "67"]
[EventDate "2024.08.02"]
[EventType "swiss"]
[EventCountry "CZE"]
[SourceTitle "playchess.com"]
[Source "ChessBase"]
[SourceQuality "1"]
[TimeControl "40/5400+30:1800+30"]

1. e4 e6 2. d4 d5 3. Nd2 dxe4 4. Nxe4 Nd7 5. Bd3 Ngf6 6. Qe2 c5 7. Nxc5 Nxc5 8. dxc5 Bxc5 9. Nf3 Qc7 10. O-O Bd7 11. Bd2 O-O 12. b4 Be7 13. c4 Rfd8 14. Rac1 Bc6 15. Ne5 h6 16. Rfe1 b6 17. Bc3 Bb7 18. Bb1 Rac8 19. Qc2 Ba8 20. Re3 Qb7 21. Rg3 Qe4 22. Qb2 Qf4 23. Re1 Kf8 24. Bg6 Rxc4 25. Bxf7 Rxb4 26. Qa1 Be4 27. Bxe6 Rd2 28. Bxd2 Qxd2 29. Qc3 Qxc3 30. Rxc3 Bc5 31. Bb3 Rd4 32. Rc4 Rd2 33. Rcxe4 Rxf2 34. Nd7+ 1-0

[Event "Summer Prague Open-A 2024"]
[Site "Prague"]
[Date "2024.08.03"]
[Round "2.11"]
[White "Olsen, Aage Dalstrup"]
[Black "Walek, Petr"]
[Result "0-1"]
[Annotator "ChessBase"]
[ECO "B13"]
[WhiteElo "1987"]
[BlackElo "2283"]
[PlyCount "42"]
[EventDate "2024.08.02"]
[EventType "swiss"]
[EventCountry "CZE"]
[SourceTitle "playchess.com"]
[Source "ChessBase"]
[SourceQuality "1"]
[TimeControl "40/5400+30:1800+30"]

1. e4 c6 2. d4 d5 3. exd5 cxd5 4. Nf3 Nf6 5. c4 g6 6. Nc3 Bg7 7. h3 O-O 8. Be3 Nc6 9. Rc1 Be6 10. c5 Ne4 11. Bb5 Qc7 12. O-O h6 13. Qa4 f5 14. Nxe4 dxe4 15. Bxc6 bxc6 16. Ne5 f4 17. Bd2 Bxe5 18. dxe5 Bd5 19. Bc3 Qd7 20. Rcd1 Qe6 21. b3 f3 0-1

[Event "Summer Prague Open-A 2024"]
[Site "Prague"]
[Date "2024.08.03"]
[Round "2.12"]
[White "Camarena Jimenez, Rufino"]
[Black "Holub, Adam"]
[Result "1-0"]
[Annotator "ChessBase"]
[ECO "D31"]
[WhiteElo "2279"]
[BlackElo "1980"]
[PlyCount "65"]
[EventDate "2024.08.02"]
[EventType "swiss"]
[EventCountry "CZE"]
[SourceTitle "playchess.com"]
[Source "ChessBase"]
[SourceQuality "1"]
[TimeControl "40/5400+30:1800+30"]

1. d4 d5 2. c4 e6 3. Nc3 a6 4. e3 Nf6 5. Nf3 Be7 6. a3 O-O 7. b4 a5 8. b5 c5 9. bxc6 Nxc6 10. Bb2 h6 11. Bd3 Re8 12. O-O Bf8 13. Rc1 Rb8 14. Qe2 Bd7 15. Rfd1 dxc4 16. Bxc4 Na7 17. a4 Bxa4 18. Nxa4 b5 19. Bb3 bxa4 20. Bxa4 Re7 21. Ba1 Rc7 22. Rxc7 Qxc7 23. e4 Nc8 24. d5 Nb6 25. Bc2 Rc8 26. Bd3 Na4 27. d6 Qd8 28. e5 Nc3 29. Bxc3 Rxc3 30. exf6 Bxd6 31. fxg7 a4 32. Qe4 Kxg7 33. Qd4+ 1-0

[Event "Summer Prague Open-A 2024"]
[Site "Prague"]
[Date "2024.08.03"]
[Round "2.13"]
[White "Cichon, Jakub"]
[Black "Neukirchner, Pascal"]
[Result "0-1"]
[Annotator "RC"]
[ECO "A57"]
[WhiteElo "1979"]
[BlackElo "2261"]
[PlyCount "84"]
[EventDate "2024.08.02"]
[EventType "swiss"]
[EventCountry "CZE"]
[SourceTitle "playchess.com"]
[Source "ChessBase"]
[SourceQuality "1"]
[TimeControl "40/5400+30:1800+30"]

1. d4 Nf6 2. c4 c5 3. d5 b5 4. cxb5 a6 5. e3 e6 6. dxe6 fxe6 7. Nf3 d5 8. bxa6 Bd6 9. Bb5+ Nbd7 10. Nc3 O-O 11. a4 Bxa6 12. O-O Bb7 13. Re1 Ne5 14. Be2 Nfg4 15. h3 Nxf2 16. Kxf2 Qh4+ 17. Kg1 Nxf3+ 18. Bxf3 Rxf3 19. gxf3 Qg3+ 20. Kf1 Qxh3+ 21. Kg1 Qh2+ 22. Kf1 Qh1+ 23. Kf2 Qh2+ 24. Kf1 Ba6+ 25. Nb5 Bxb5+ 26. axb5 Rxa1 27. Qd2 Qh1+ 28. Kf2 Qh2+ 29. Kf1 Qh1+ 30. Kf2 Qh4+ 31. Ke2 Qc4+ 32. Kf2 Qxb5 33. Rh1 Qc4 34. e4 d4 35. Rg1 Ra7 36. Kg2 Rf7 37. Qd1 Rf6 38. Kh1 Bf4 39. Bxf4 Rxf4 40. Qd2 e5 41. Qa5 Rh4+ 42. Kg2 Qe2+ 0-1

[Event "Summer Prague Open-A 2024"]
[Site "Prague"]
[Date "2024.08.03"]
[Round "2.14"]
[White "Veleshnja, Zino"]
[Black "Halafov, Ilgar"]
[Result "1-0"]
[Annotator "RC"]
[ECO "A43"]
[WhiteElo "2252"]
[BlackElo "1975"]
[PlyCount "91"]
[EventDate "2024.08.02"]
[EventType "swiss"]
[EventCountry "CZE"]
[SourceTitle "playchess.com"]
[Source "ChessBase"]
[SourceQuality "1"]
[TimeControl "40/5400+30:1800+30"]

1. d4 c5 2. d5 d6 3. c4 Nf6 4. Nc3 g6 5. g3 Bg7 6. Bg2 O-O 7. Nf3 e5 8. O-O Ne8 9. Bg5 f6 10. Bd2 Bg4 11. Nh4 g5 12. Nf3 Nd7 13. h3 Bh5 14. g4 Bg6 15. e4 h5 16. Qb3 Qc8 17. gxh5 Bxh5 18. Nh2 Rf7 19. f3 Nf8 20. Ne2 Rb8 21. Ng3 Bg6 22. a4 Nh7 23. Qd3 Bf8 24. Ng4 b6 25. Kf2 a6 26. Ne3 Ng7 27. Rh1 b5 28. axb5 axb5 29. cxb5 Rfb7 30. h4 gxh4 31. Rxh4 Rxb5 32. Rh6 Qe8 33. Ng4 Rxb2 34. Rxh7 Qd8 35. Qe3 Kxh7 36. Rh1+ Nh5 37. Nxh5 Bxh5 38. Rxh5+ Kg8 39. Nh6+ Bxh6 40. Qxh6 Rxd2+ 41. Qxd2 Qf8 42. Rh4 Kf7 43. Bh3 Qg7 44. Be6+ Ke7 45. Qa2 Rb7 46. Bf5 1-0

[Event "Summer Prague Open-A 2024"]
[Site "Prague"]
[Date "2024.08.03"]
[Round "2.15"]
[White "Green, Michael L"]
[Black "Petr, Jakub"]
[Result "0-1"]
[Annotator "RC"]
[ECO "D02"]
[WhiteElo "1997"]
[BlackElo "2243"]
[PlyCount "84"]
[EventDate "2024.08.02"]
[EventType "swiss"]
[EventCountry "CZE"]
[SourceTitle "playchess.com"]
[Source "ChessBase"]
[SourceQuality "1"]
[TimeControl "40/5400+30:1800+30"]

1. c3 d5 2. d4 Nf6 3. Bf4 e6 4. e3 Bd6 5. Bg3 c5 6. Nd2 O-O 7. Ngf3 Nc6 8. Be2 b6 9. O-O Bxg3 10. hxg3 Qd6 11. Rc1 Bb7 12. Qc2 e5 13. dxe5 Nxe5 14. Nxe5 Qxe5 15. c4 Rad8 16. cxd5 Bxd5 17. Bc4 Bxc4 18. Nxc4 Qh5 19. f3 Nd5 20. e4 Nb4 21. Qe2 Qg5 22. a3 Nc6 23. g4 Nd4 24. Qf2 h5 25. gxh5 Ne6 26. f4 Qxh5 27. Ne3 Nd4 28. g4 Qg6 29. e5 Rfe8 30. Rce1 Nb3 31. Qg2 Rd2 32. Rf2 Rxf2 33. Qxf2 Rd8 34. Qg2 Qd3 35. Nf5 Nd2 36. Kh1 g6 37. e6 fxe6 38. Rxe6 Qb1+ 39. Kh2 Qxb2 40. Rxg6+ Kf8 41. Kh3 Rd3+ 42. Qg3 Rxg3+ 0-1

[Event "Summer Prague Open-A 2024"]
[Site "Prague"]
[Date "2024.08.03"]
[Round "2.16"]
[White "Sramek, Vojtech"]
[Black "Heron, Andrew"]
[Result "1-0"]
[Annotator "ChessBase"]
[ECO "B90"]
[WhiteElo "2237"]
[BlackElo "1973"]
[PlyCount "71"]
[EventDate "2024.08.02"]
[EventType "swiss"]
[EventCountry "CZE"]
[SourceTitle "playchess.com"]
[Source "ChessBase"]
[SourceQuality "1"]
[TimeControl "40/5400+30:1800+30"]

1. e4 c5 2. Nf3 d6 3. d4 cxd4 4. Nxd4 Nf6 5. Nc3 a6 6. Be3 e5 7. Nb3 Be7 8. f3 Be6 9. Qd2 h5 10. Nd5 Nxd5 11. exd5 Bf5 12. Be2 Nd7 13. O-O Rc8 14. c4 O-O 15. Na5 Qc7 16. b4 b6 17. Nc6 Bf6 18. Rac1 h4 19. h3 Rfe8 20. f4 exf4 21. Bxf4 g6 22. c5 bxc5 23. bxc5 Nxc5 24. Rxc5 Qb6 25. Bxd6 Be5 26. Bxe5 Qxc5+ 27. Bd4 Qxd5 28. Qh6 f6 29. Bxf6 Kf7 30. Qg7+ Ke6 31. Nd4+ Kd6 32. Nxf5+ gxf5 33. Rd1 Rc1 34. Rxc1 Rxe2 35. Qc7+ Ke6 36. Qe7# 1-0

[Event "Summer Prague Open-A 2024"]
[Site "Prague"]
[Date "2024.08.03"]
[Round "2.17"]
[White "Chon, Yongjoon"]
[Black "Skypala, Ondrej"]
[Result "0-1"]
[Annotator "ChessBase"]
[ECO "C07"]
[WhiteElo "1975"]
[BlackElo "2230"]
[PlyCount "108"]
[EventDate "2024.08.02"]
[EventType "swiss"]
[EventCountry "CZE"]
[SourceTitle "playchess.com"]
[Source "ChessBase"]
[SourceQuality "1"]
[TimeControl "40/5400+30:1800+30"]

1. e4 e6 2. d4 d5 3. Nd2 c5 4. Ngf3 cxd4 5. Nxd4 Nf6 6. exd5 Qxd5 7. Nb5 Na6 8. Nc3 Qe5+ 9. Be2 Bb4 10. O-O O-O 11. Nf3 Qa5 12. Bd2 Rd8 13. a3 Be7 14. Bc4 Qh5 15. Qe1 Nc7 16. Bf4 Ncd5 17. Nxd5 Nxd5 18. Bg3 a6 19. Ne5 f6 20. Nd3 Qf5 21. Rd1 b5 22. Bb3 Bb7 23. Nf4 Nxf4 24. Bxf4 Bd5 25. Bxd5 Rxd5 26. Rxd5 Qxd5 27. Qd2 Qxd2 28. Bxd2 Rc8 29. Rc1 f5 30. Bc3 Bxa3 31. Ra1 Bf8 32. Rxa6 b4 33. Be5 Rxc2 34. f4 Bc5+ 35. Kf1 Rf2+ 36. Ke1 Rxg2 37. Rc6 Bf8 38. Rc8 Kf7 39. Rc7+ Kg6 40. Rc6 Rxh2 41. Rxe6+ Kf7 42. Rb6 h5 43. Rb7+ Ke6 44. Rb8 Bc5 45. Bxg7 h4 46. Be5 h3 47. Rh8 Kd5 48. Rh5 Ke4 49. Rh8 Ke3 50. Kd1 b3 51. Bc3 Rh1+ 52. Be1 Bb4 53. Re8+ Kxf4 54. Rb8 Rxe1# 0-1

[Event "Summer Prague Open-A 2024"]
[Site "Prague"]
[Date "2024.08.03"]
[Round "2.18"]
[White "Kuhn, Tobias"]
[Black "Galymbek, Alikhan"]
[Result "1/2-1/2"]
[Annotator "RC"]
[ECO "B40"]
[WhiteElo "2223"]
[BlackElo "1970"]
[PlyCount "89"]
[EventDate "2024.08.02"]
[EventType "swiss"]
[EventCountry "CZE"]
[SourceTitle "playchess.com"]
[Source "ChessBase"]
[SourceQuality "1"]
[TimeControl "40/5400+30:1800+30"]

1. e4 c5 2. Nf3 e6 3. d4 cxd4 4. Nxd4 Nf6 5. Nc3 Nc6 6. Ndb5 Bc5 7. Nd6+ Ke7 8. Bf4 e5 9. Nf5+ Kf8 10. Bg5 d6 11. Bc4 Be6 12. Bb3 h6 13. Be3 Bb4 14. O-O Bxb3 15. axb3 g6 16. Ng3 Kg7 17. Nd5 Bc5 18. c3 Bxe3 19. Nxe3 h5 20. Qd3 h4 21. Ne2 Qb6 22. b4 Rad8 23. b5 Ne7 24. c4 a6 25. bxa6 bxa6 26. Nd5 Nexd5 27. cxd5 a5 28. Rfc1 h3 29. gxh3 Rh4 30. Ng3 Rdh8 31. Rc6 Qxb2 32. Rb1 Qa2 33. Rxd6 Rxh3 34. Rxf6 Kxf6 35. Rb7 Rxh2 36. Qf3+ Kg5 37. Qe3+ Kg4 38. Nf1 R2h3 39. Nh2+ Kh4 40. Nf3+ Rxf3 41. Qxf3 Qa1+ 42. Kg2 Kg5 43. Qg3+ Kf6 44. Qf3+ Kg5 45. Qg3+ 1/2-1/2

[Event "Summer Prague Open-A 2024"]
[Site "Prague"]
[Date "2024.08.03"]
[Round "2.19"]
[White "Roch, Florian"]
[Black "Schmitz, Thorsten"]
[Result "0-1"]
[Annotator "RC"]
[ECO "C60"]
[WhiteElo "1972"]
[BlackElo "2218"]
[PlyCount "126"]
[EventDate "2024.08.02"]
[EventType "swiss"]
[EventCountry "CZE"]
[SourceTitle "playchess.com"]
[Source "ChessBase"]
[SourceQuality "1"]
[TimeControl "40/5400+30:1800+30"]

1. e4 e5 2. Nf3 Nc6 3. Bb5 g6 4. O-O Bg7 5. c3 a6 6. Ba4 b5 7. Bb3 Na5 8. Bc2 Ne7 9. d4 exd4 10. cxd4 O-O 11. Nbd2 d6 12. Rb1 Nac6 13. b4 Nxd4 14. Nxd4 Bxd4 15. Nb3 Bg7 16. Bg5 h6 17. Be3 Nc6 18. Qd2 g5 19. f4 gxf4 20. Bxf4 Qh4 21. Bg3 Qh5 22. e5 Nxe5 23. Nd4 Nc4 24. Qd3 Qg6 25. Nf5 Bxf5 26. Rxf5 Rae8 27. Bf2 Re5 28. Rxf7 Qxd3 29. Rxf8+ Bxf8 30. Bxd3 d5 31. Bd4 Re6 32. Kf2 Bd6 33. Bf5 Re8 34. h3 Nd2 35. Rb2 Ne4+ 36. Kf3 Ng3 37. Bb1 Rf8+ 38. Ke3 Nf5+ 39. Kd3 Nxd4 40. Kxd4 c6 41. a3 Rf4+ 42. Kd3 a5 43. Rc2 Rc4 44. bxa5 Kf7 45. a4 Rxc2 46. Bxc2 b4 47. a6 Bc5 48. Bd1 Ba7 49. Bb3 Ke6 50. g4 Ke5 51. h4 Kf4 52. g5 hxg5 53. hxg5 Kxg5 54. a5 Kf6 55. Ba4 c5 56. Bb5 b3 57. Kc3 c4 58. Bc6 Ke5 59. Be8 Kd6 60. Bf7 Kc5 61. Bg8 d4+ 62. Kb2 Kb4 63. Bh7 d3 0-1

[Event "Summer Prague Open-A 2024"]
[Site "Prague"]
[Date "2024.08.03"]
[Round "2.20"]
[White "Golenia, Wojciech"]
[Black "Radovic, Stefan"]
[Result "1-0"]
[Annotator "ChessBase"]
[ECO "D30"]
[WhiteElo "2212"]
[BlackElo "1967"]
[PlyCount "59"]
[EventDate "2024.08.02"]
[EventType "swiss"]
[EventCountry "CZE"]
[SourceTitle "playchess.com"]
[Source "ChessBase"]
[SourceQuality "1"]
[TimeControl "40/5400+30:1800+30"]

1. d4 d5 2. c4 e6 3. Nf3 Nf6 4. g3 Bb4+ 5. Bd2 Be7 6. Bg2 O-O 7. O-O c6 8. Qc2 Nbd7 9. Rd1 b6 10. Bf4 Ba6 11. Nbd2 Rc8 12. Rac1 dxc4 13. Nxc4 Nd5 14. Bd6 Bxc4 15. Bxe7 Qxe7 16. Qxc4 c5 17. e4 N5f6 18. e5 Nd5 19. a3 h6 20. Qa6 Nb8 21. Qe2 Nc6 22. dxc5 bxc5 23. Rc2 Nb6 24. Qe4 Rfd8 25. Rxd8+ Nxd8 26. h4 Nc6 27. Bf1 Nd5 28. Bc4 Nd4 29. Nxd4 cxd4 30. Bd3 1-0

[Event "Summer Prague Open-A 2024"]
[Site "Prague"]
[Date "2024.08.03"]
[Round "2.21"]
[White "Omarsson, Adam"]
[Black "Jun, Rudolf"]
[Result "1-0"]
[Annotator "RC"]
[ECO "E97"]
[WhiteElo "1970"]
[BlackElo "2198"]
[PlyCount "97"]
[EventDate "2024.08.02"]
[EventType "swiss"]
[EventCountry "CZE"]
[SourceTitle "playchess.com"]
[Source "ChessBase"]
[SourceQuality "1"]
[TimeControl "40/5400+30:1800+30"]

1. d4 Nf6 2. c4 g6 3. Nc3 Bg7 4. e4 d6 5. Nf3 O-O 6. Be2 e5 7. O-O Nc6 8. d5 Ne7 9. b4 a5 10. Ba3 axb4 11. Bxb4 Nd7 12. a4 h6 13. Nd2 f5 14. Nb3 b6 15. a5 Nc5 16. Qc2 f4 17. f3 g5 18. axb6 Rxa1 19. Rxa1 cxb6 20. Nb5 g4 21. fxg4 f3 22. Bxf3 Ng6 23. Nxc5 bxc5 24. Be1 Qf6 25. Ra8 Nf4 26. Na7 Bd7 27. Rxf8+ Qxf8 28. Nb5 Nh3+ 29. gxh3 Qxf3 30. Qc3 Qxe4 31. Nxd6 Qg6 32. Nb5 e4 33. Qg3 e3 34. Nd6 Qb1 35. Kg2 Qc2+ 36. Kf3 Bd4 37. Nf5 Qd1+ 38. Kf4 e2 39. Nxd4 cxd4 40. Ke4 d3 41. Qb8+ Kh7 42. Qb4 Kg8 43. c5 Bb5 44. c6 Qc2 45. Ke5 Qc1 46. Kd6 Qa1 47. Kc5 Ba6 48. d6 Kf7 49. d7 1-0